[Event "Tuesday 10 April, Rapid Engine Tour 13+2 Rounds 7, starts 16.00 ST"]
[Site "Infinity Chess"]
[Date "2018.4.10"]
[Round "7"]
[White "RonWeasley"]
[Black "Seliga"]
[Result "1/2-1/2 "]
[ECO "D30"]
[WhiteElo "2473"]
[BlackElo "2480"]
[WhiteEngine "BrainFish 090218_CTG"]
[BlackEngine "SF9 ''A6''"]
[EventType "Swiss"]
[WhiteTeam ""]
[BlackTeam ""]
[PlyCount "143"]
[TimeControl "780+2"]

1. d4 d5 2. c4 e6 3. Nf3 Nf6 4. Nc3 c6 5. Bg5 h6 6. Bxf6 Qxf6 7. e3 Qd8 
8. Bd3 Be7 9. O-O O-O 10. Qc2 Nd7 11. Rfd1 dxc4 12. Bxc4 b6 13. Rac1 Bb7 
14. a3 Rc8 15. Ba2 Re8 16. Bb1 Nf8 17. Qa4 Qc7 18. Ne5 a6 19. Qb3 c5 20. Na4 Bd8 
21. Qd3 Qb8 22. f4 Bc7 23. Rf1 Red8 24. b4 cxd4 25. exd4 Bd5 26. h3 Qb7 
27. Rf2 Bxg2 28. Rxc7 Rxc7 29. Rxg2 Rc1+ 30. Kh2 Qc7 31. Rg3 Qd6 32. Rg2 Qxd4 
33. Qg3 g5 34. fxg5 h5 35. g6 f6 36. g7 Qxe5 37. Qxe5 fxe5 38. gxf8=Q+ Kxf8 
39. Rf2+ Kg7 40. Rg2+ Kf6 41. Rf2+ Kg5 42. Bc2 Rc8 43. Be4 Re1 44. Nxb6 Rc7 
45. Bg2 e4 46. h4+ Kxh4 47. Rf4+ Kg5 48. Rxe4 Rxe4 49. Bxe4 Rc3 50. Na4 Rxa3 
51. Nc5 e5 52. Bd5 Kf4 53. Kg2 Rg3+ 54. Kf2 Ra3 55. Kg2 Rg3+ 56. Kf2 Rc3 
57. Nxa6 Rc2+ 58. Kf1 h4 59. Nc5 h3 60. Kg1 Kg4 61. Ne4 Rg2+ 62. Kh1 Rb2 
63. b5 Rxb5 64. Be6+ Kf3 65. Nd2+ Kg3 66. Ne4+ Kf3 67. Nd2+ Kg3 68. Ne4+ Kh4 
69. Kh2 Rb4 70. Bf5 Rd4 71. Kh1 Rd3 72. Kg1 1/2-1/2

[Event "Tuesday 10 April, Rapid Engine Tour 13+2 Rounds 7, starts 16.00 ST"]
[Site "Infinity Chess"]
[Date "2018.4.10"]
[Round "7"]
[White "SkyPilot"]
[Black "Mr Aj"]
[Result "1/2-1/2"]
[ECO "C02"]
[WhiteElo "2482"]
[BlackElo "2474"]
[WhiteEngine "stockfish_x64_bmi2_2018_04_07_CTG"]
[BlackEngine "Houdini 6"]
[EventType "Swiss"]
[WhiteTeam ""]
[BlackTeam ""]
[PlyCount "132"]
[TimeControl "780+2"]

1. e4 e6 2. d4 d5 3. e5 c5 4. c3 Nc6 5. Nf3 Qb6 6. a3 c4 7. Nbd2 Na5 8. Be2 Bd7 
9. O-O Ne7 10. Rb1 h6 11. Re1 Qc7 12. Nf1 Nf5 13. Ng3 Nxg3 14. fxg3 O-O-O 
15. Rf1 Be7 16. Bf4 g5 17. Be3 Rdf8 18. Nd2 f5 19. exf6 Bxf6 20. Bg4 Qd6 
21. Bh5 Bd8 22. Nf3 Nc6 23. Re1 Bb6 24. b3 cxb3 25. Qxb3 Kb8 26. Qb2 Ka8 
27. a4 Qc7 28. Bf2 Qc8 29. Qe2 Rf6 30. Kh1 Be8 31. Bxe8 Rxe8 32. Bg1 Rff8 
33. Qd3 g4 34. Ne5 Nxe5 35. Rxe5 Qc6 36. Qg6 Bc7 37. Rh5 Rg8 38. Qc2 Rh8 
39. Be3 a6 40. Qb2 Rb8 41. Qe2 Qxa4 42. Qxg4 Qc4 43. Qd1 Qxc3 44. Bxh6 Rh7 
45. Rc1 Qb2 46. Be3 Rf7 47. Bg1 Rbf8 48. g4 Qb5 49. g5 Bd6 50. Rh3 Rf1 
51. Qc2 Rxc1 52. Qxc1 Rf1 53. Qc2 Qb4 54. Rf3 Rxg1+ 55. Kxg1 Qe1+ 56. Rf1 Bxh2+ 
57. Kxh2 Qxf1 58. Kg3 Ka7 59. Kg4 Qf7 60. g6 Qg8 61. g3 Kb8 62. Kg5 Qd8+ 
63. Kh6 Qh8+ 64. Kg5 Qd8+ 65. Kh6 Qh8+ 66. Kg5 Qd8+ 1/2-1/2

[Event "Tuesday 10 April, Rapid Engine Tour 13+2 Rounds 7, starts 16.00 ST"]
[Site "Infinity Chess"]
[Date "2018.4.10"]
[Round "7"]
[White "localhero"]
[Black "CrapCleaner"]
[Result "1/2-1/2"]
[ECO "C77"]
[WhiteElo "2423"]
[BlackElo "2490"]
[WhiteEngine "asmFishW_2017-10-04_popcnt"]
[BlackEngine "Raubfisch X38a._CTG"]
[EventType "Swiss"]
[WhiteTeam ""]
[BlackTeam ""]
[PlyCount "115"]
[TimeControl "780+2"]

1. e4 e5 2. Nf3 Nc6 3. Bb5 a6 4. Ba4 Nf6 5. O-O Be7 6. Re1 b5 7. Bb3 O-O 
8. c3 d5 9. exd5 Nxd5 10. Nxe5 Nxe5 11. Rxe5 c6 12. d4 Bd6 13. Re1 Qh4 
14. g3 Qh3 15. Be3 Be6 16. Qf3 a5 17. Qg2 Qxg2+ 18. Kxg2 Rfe8 19. Bd1 a4 
20. Bf3 a3 21. b3 Be7 22. h4 h6 23. Rc1 Red8 24. Kf1 Bf5 25. Kg2 Be6 26. Kg1 g5 
27. Nd2 gxh4 28. gxh4 Nxe3 29. fxe3 Rac8 30. Be2 Bxh4 31. Nf3 Bf6 32. Kf2 Kf8 
33. Rh1 c5 34. Rac1 cxd4 35. exd4 Bd5 36. Rxh6 Rc6 37. Kf1 b4 38. Ne5 Rcd6 
39. c4 Bxe5 40. Rxd6 Bxd6 41. cxd5 Ke7 42. Kf2 Rh8 43. Bf3 f5 44. Bg2 Rg8 
45. Bh3 Rh8 46. Re1+ Kf7 47. Re3 Rh4 48. Ke2 Rxd4 49. Bxf5 Kf6 50. Re6+ Kxf5 
51. Rxd6 Ke5 52. Rd8 Rh4 53. d6 Rh3 54. d7 Kd6 55. Rb8 Kxd7 56. Rxb4 Rh2+ 
57. Kd3 Rxa2 58. Rf4 1/2-1/2

[Event "Tuesday 10 April, Rapid Engine Tour 13+2 Rounds 7, starts 16.00 ST"]
[Site "Infinity Chess"]
[Date "2018.4.10"]
[Round "7"]
[White "Katzenmaier"]
[Black "xeonrocks"]
[Result "1/2-1/2"]
[ECO "C55"]
[WhiteElo "2500"]
[BlackElo "2559"]
[WhiteEngine "Raubfisch X38"]
[BlackEngine "Stockfish_20180407_x64_bmi2_CTG"]
[EventType "Swiss"]
[WhiteTeam ""]
[BlackTeam ""]
[PlyCount "136"]
[TimeControl "780+2"]

1. e4 e5 2. Nf3 Nc6 3. Bc4 Nf6 4. d3 Bc5 5. c3 d6 6. O-O a5 7. Nbd2 Ba7 
8. Re1 O-O 9. Nf1 Be6 10. Bb5 Ne7 11. d4 exd4 12. Nxd4 Ng6 13. Ba4 h6 
14. Nxe6 fxe6 15. Be3 Bxe3 16. Nxe3 Kh8 17. f3 Nh5 18. g3 Qg5 19. Ng4 b5 
20. Bc2 Rad8 21. Qc1 Nf6 22. Qxg5 hxg5 23. Nf2 Ne5 24. Bd1 Rb8 25. Nh3 Nd3 
26. Re3 Nxb2 27. Nxg5 e5 28. Be2 Nc4 29. Rd3 Rfe8 30. Rdd1 Na3 31. Kf2 Kg8 
32. Rac1 Kf8 33. h3 Rb6 34. Ke3 Rc6 35. Re1 Rc5 36. h4 Ke7 37. f4 exf4+ 
38. gxf4 Rh8 39. Rh1 g6 40. Rh3 Ra8 41. Kd2 c6 42. Rf3 Rh8 43. Rh3 Nc4+ 
44. Kc2 Rb8 45. Rf3 Rh8 46. Rh3 b4 47. Bxc4 Rxc4 48. Kb3 Rc5 49. c4 Nd7 
50. Rhh1 Rf8 51. Rhf1 Rg8 52. a4 Rh8 53. Rh1 d5 54. exd5 cxd5 55. Rhe1+ Kf6 
56. cxd5 Rxd5 57. Ne4+ Kf5 58. Rc6 Kxf4 59. Nf6 Nxf6 60. Rxf6+ Rf5 61. Rxg6 Rxh4 
62. Rf1+ Ke5 63. Rxf5+ Kxf5 64. Ra6 Rf4 65. Rxa5+ Ke6 66. Rb5 Rf1 67. Rb6+ Kd7 
68. Kb2 b3 1/2-1/2

[Event "Tuesday 10 April, Rapid Engine Tour 13+2 Rounds 7, starts 16.00 ST"]
[Site "Infinity Chess"]
[Date "2018.4.10"]
[Round "6"]
[White "Longin"]
[Black "star99"]
[Result "1/2-1/2"]
[ECO "C55"]
[WhiteElo "2437"]
[BlackElo "2409"]
[WhiteEngine "BrainFish_180404_x64_modern_CTG"]
[BlackEngine "Cryptic Heroes 9.3B"]
[EventType "Swiss"]
[WhiteTeam ""]
[BlackTeam ""]
[PlyCount "150"]
[TimeControl "780+2"]

1. e4 e5 2. Nf3 Nc6 3. Bc4 Nf6 4. d3 Be7 5. h3 d6 6. a4 O-O 7. Nbd2 Na5 
8. Ba2 c5 9. Nf1 Be6 10. Bxe6 fxe6 11. Ng3 Nc6 12. O-O d5 13. c3 Qd7 14. Bd2 Bd6 
15. Rb1 a6 16. Re1 h6 17. b4 cxb4 18. cxb4 b5 19. a5 Rac8 20. Bc3 Kh7 
21. Qb3 Qf7 22. Rb2 Qc7 23. Bd2 Qf7 24. Bc3 Qa7 25. Rbb1 Qe7 26. Rec1 Rc7 
27. Qb2 Rfc8 28. Re1 d4 29. Bd2 Nd7 30. Rec1 Nf8 31. Rc2 Ng6 32. Ne2 Nh4 
33. Nxh4 Qxh4 34. Ng3 Ne7 35. Rxc7 Rxc7 36. Qa2 Qf6 37. Nf1 Rc8 38. Nh2 Ng6 
39. Ng4 Qf7 40. Nh2 Rf8 41. Rf1 Qe7 42. Rb1 Nf4 43. Bxf4 exf4 44. Nf3 e5 
45. Qb3 Rc8 46. Qd5 Bxb4 47. Nxe5 Qd6 48. Kf1 Ba3 49. Ra1 Bb4 50. Qxd6 Bxd6 
51. Nf3 Rc3 52. Nxd4 Rxd3 53. Nxb5 Be5 54. Ra3 Rd2 55. Nc3 Bd4 56. Ke1 Rxf2 
57. Ra4 Bc5 58. Rc4 Be3 59. Nd5 Rxg2 60. Nxe3 fxe3 61. e5 Kg6 62. Rc6+ Kf5 
63. e6 Ke4 64. e7 Kf3 65. Kd1 e2+ 66. Kd2 e1=Q+ 67. Kxe1 Re2+ 68. Kf1 Rxe7 
69. Rxa6 Re5 70. Ra7 g5 71. Rf7+ Kg3 72. Rh7 Rxa5 73. Rxh6 Ra1+ 74. Ke2 Ra2+ 
75. Ke3 Ra3+ 1/2-1/2

[Event "Tuesday 10 April, Rapid Engine Tour 13+2 Rounds 7, starts 16.00 ST"]
[Site "Infinity Chess"]
[Date "2018.4.10"]
[Round "6"]
[White "Thinker"]
[Black "Time_bandit"]
[Result "1/2-1/2"]
[ECO "C55"]
[WhiteElo "2448"]
[BlackElo "2429"]
[WhiteEngine "BrainFish_180408_x64_modern_CTG"]
[BlackEngine "asmFishW_2018-02-02_popcnt"]
[EventType "Swiss"]
[WhiteTeam ""]
[BlackTeam ""]
[PlyCount "78"]
[TimeControl "780+2"]

1. e4 e5 2. Nf3 Nc6 3. Bc4 Nf6 4. d3 Bc5 5. c3 d6 6. O-O a5 7. Re1 O-O 8. h3 h6 
9. a4 Bb6 10. Nbd2 Be6 11. b3 d5 12. Bb5 Ne7 13. exd5 Nfxd5 14. Qc2 c6 
15. Bc4 Ng6 16. d4 Ndf4 17. dxe5 Nh4 18. Bf1 Bd5 19. Re4 Nfg6 20. Bc4 Re8 
21. g3 Nxf3+ 22. Nxf3 Qd7 23. Bxd5 cxd5 24. Rg4 Qc6 25. Nd4 Bxd4 26. Rxd4 Nxe5 
27. Kg2 Rab8 28. Bf4 b5 29. Ra2 bxa4 30. bxa4 Rb6 31. Bxe5 Rxe5 32. Qd1 g6 
33. Re2 Rxe2 34. Qxe2 Rb1 35. Qe5 Qxc3 36. Qe8+ Kg7 37. Qe5+ Kg8 38. Qe8+ Kg7 
39. Qe5+ Kg8 1/2-1/2

[Event "Tuesday 10 April, Rapid Engine Tour 13+2 Rounds 7, starts 16.00 ST"]
[Site "Infinity Chess"]
[Date "2018.4.10"]
[Round "6"]
[White "Harry_Potter"]
[Black "HerzsjeMZ"]
[Result "1/2-1/2"]
[ECO "C55"]
[WhiteElo "2482"]
[BlackElo "2463"]
[WhiteEngine "Stockfish_x64_bmi2_CTG"]
[BlackEngine "BrainFish_180408_x64_modern"]
[EventType "Swiss"]
[WhiteTeam ""]
[BlackTeam ""]
[PlyCount "127"]
[TimeControl "780+2"]

1. e4 e5 2. Nf3 Nc6 3. Bc4 Nf6 4. d3 Bc5 5. c3 d6 6. O-O O-O 7. h3 a5 8. Bg5 h6 
9. Bh4 g5 10. Bg3 Nh5 11. d4 Nxg3 12. fxg3 Ba7 13. Kh2 g4 14. Nh4 exd4 
15. Nf5 Kh7 16. Qxg4 Qg5 17. Qe2 Rg8 18. g4 dxc3 19. Nxc3 Ne5 20. Kh1 c6 
21. Rad1 Bc5 22. b3 Ra7 23. a4 b6 24. g3 Rd8 25. Rf4 Ng6 26. Rff1 Ne5 
27. Kh2 Rc7 28. Rf4 Ng6 29. Rff1 Ne5 30. Qg2 Rg8 31. Qc2 Kh8 32. Kg2 Bxf5 
33. Rxf5 Qe3 34. Rdf1 Re7 35. Ba6 Kg7 36. Be2 Kh8 37. Nd1 Qd4 38. Nf2 Rg5 
39. Qc1 Rg6 40. h4 Qb4 41. h5 Rge6 42. Rxe5 dxe5 43. Bc4 Rd6 44. Nd3 Qa3 
45. Qd2 b5 46. axb5 cxb5 47. Bxf7 Rxf7 48. Rxf7 Qa1 49. Qe1 Qxe1 50. Nxe1 a4 
51. bxa4 bxa4 52. Rf8+ Kg7 53. Rc8 Be3 54. Rc3 Bd4 55. Rc7+ Kf6 56. Nd3 Rb6 
57. Ra7 Rb3 58. Ra6+ Kf7 59. Nc1 Rb1 60. Ne2 Rb2 61. Kf1 Rb1+ 62. Kg2 Rb2 
63. Kf1 Rb1+ 64. Kg2 1/2-1/2

[Event "Tuesday 10 April, Rapid Engine Tour 13+2 Rounds 7, starts 16.00 ST"]
[Site "Infinity Chess"]
[Date "2018.4.10"]
[Round "6"]
[White "Marsell"]
[Black "hafaba"]
[Result "1/2-1/2"]
[ECO "C53"]
[WhiteElo "2467"]
[BlackElo "2450"]
[WhiteEngine "BrainFish_180408_x64_bmi2"]
[BlackEngine "Eman 1.70-beta18 64-bit POPCNT_CTG"]
[EventType "Swiss"]
[WhiteTeam ""]
[BlackTeam ""]
[PlyCount "151"]
[TimeControl "780+2"]

1. e4 e5 2. Nf3 Nc6 3. Bc4 Bc5 4. c3 Nf6 5. d3 a5 6. O-O d6 7. Bg5 Ba7 
8. Nbd2 h6 9. Bh4 g5 10. Bg3 O-O 11. a3 Kg7 12. Re1 Rb8 13. Nf1 b5 14. Ba2 Bg4 
15. b4 Bh5 16. h3 Ra8 17. Bb3 Bb6 18. Rb1 Qd7 19. Ne3 Ne7 20. Qe2 a4 21. Bc2 Bg6 
22. Bh2 Nh5 23. Ng4 Rae8 24. d4 exd4 25. Qd2 f5 26. exf5 Nxf5 27. cxd4 Nf6 
28. Be5 dxe5 29. Ngxe5 Qd5 30. Nxg6 Kxg6 31. Qd3 Nh5 32. Rxe8 Rxe8 33. Ne5+ Rxe5 
34. dxe5 Qxd3 35. Bxd3 Nf4 36. Bxb5 Ng3 37. Bxa4 Nfe2+ 38. Kh2 Bxf2 39. Bb5 Bd4 
40. a4 Bxe5 41. Bxe2 Nxe2+ 42. Kh1 Nc3 43. Re1 Kf6 44. a5 Ke6 45. Kg1 Kd5 
46. a6 Bd4+ 47. Kf1 Kc4 48. Re6 Nd5 49. Rxh6 Ne3+ 50. Ke2 Nxg2 51. Kf3 Nf4 
52. h4 gxh4 53. Kxf4 Kxb4 54. Rh5 h3 55. Kg3 h2 56. Kxh2 Ba7 57. Kg3 Bb8 
58. Kh3 Ba7 59. Kg4 Bf2 60. Rf5 Ba7 61. Kf4 Bd4 62. Rd5 Bf2 63. Kf5 Bg1 
64. Kg5 Ba7 65. Kf6 Kc4 66. Rh5 Kb4 67. Re5 Kc4 68. Kf5 Kb4 69. Kf4 Bb6 
70. Rd5 Bf2 71. Rg5 Ba7 72. Rf5 Bf2 73. Ke4 Bb6 74. Kf4 Ka4 75. Re5 Kb4 76. Rf5 
1/2-1/2

[Event "Tuesday 10 April, Rapid Engine Tour 13+2 Rounds 7, starts 16.00 ST"]
[Site "Infinity Chess"]
[Date "2018.4.10"]
[Round "6"]
[White "MCDermont"]
[Black "Murx"]
[Result "1/2-1/2"]
[ECO "B12"]
[WhiteElo "2472"]
[BlackElo "2463"]
[WhiteEngine "BrainFish 090218"]
[BlackEngine "asmFishW_2018-04-07_popcnt"]
[EventType "Swiss"]
[WhiteTeam ""]
[BlackTeam ""]
[PlyCount "97"]
[TimeControl "780+2"]

1. e4 c6 2. d4 d5 3. e5 Bf5 4. Nf3 e6 5. Be2 Nd7 6. O-O Ne7 7. Nbd2 h6 8. Nb3 g5 
9. Ne1 Qc7 10. Bh5 c5 11. c3 Bg7 12. f4 c4 13. Nd2 gxf4 14. Rxf4 Nxe5 
15. dxe5 Bxe5 16. Rf1 Bxh2+ 17. Kh1 Bg3 18. Nc2 Rg8 19. Nd4 Qe5 20. N2f3 Qg7 
21. Qa4+ Kd8 22. b3 Rc8 23. Ba3 Be4 24. Qxa7 Rc7 25. Bxe7+ Kxe7 26. Qb6 Rd7 
27. bxc4 dxc4 28. Ng5 Bc7 29. Rxf7+ Qxf7 30. Qc5+ Bd6 31. Bxf7 Rxg5 
32. Qxg5+ hxg5 33. Bxe6 Rd8 34. Re1 Bc6 35. Nxc6+ bxc6 36. Bxc4+ Kf6 
37. Re6+ Kf5 38. Kg1 g4 39. Kf2 Be5 40. Rxc6 Rd2+ 41. Be2 Rxa2 42. Rc4 Bf4 
43. g3 Be5 44. Ke3 Bxg3 45. Bxg4+ Ke5 46. Rc6 Be1 47. Kd3 Ra4 48. Bd7 Bxc3 
49. Kxc3 1/2-1/2

[Event "Tuesday 10 April, Rapid Engine Tour 13+2 Rounds 7, starts 16.00 ST"]
[Site "Infinity Chess"]
[Date "2018.4.10"]
[Round "6"]
[White "MarioDeMonti"]
[Black "localhero"]
[Result "1/2-1/2"]
[ECO "D00"]
[WhiteElo "2513"]
[BlackElo "2419"]
[WhiteEngine "stockfish_x64_bmi2_2018_02_18_CTG"]
[BlackEngine "asmFishW_2017-10-04_popcnt"]
[EventType "Swiss"]
[WhiteTeam ""]
[BlackTeam ""]
[PlyCount "47"]
[TimeControl "780+2"]

1. d4 d5 2. Bf4 Nf6 3. e3 c5 4. Nd2 e6 5. Ngf3 Nc6 6. c3 cxd4 7. exd4 Nh5 
8. Be3 Bd6 9. Ne5 g6 10. g4 Ng7 11. h4 Nxe5 12. dxe5 Bxe5 13. Nf3 Bf6 14. h5 O-O 
15. Qd2 d4 16. cxd4 b6 17. Rh3 gxh5 18. Bd3 Bb7 19. Ne5 Qd5 20. Bc4 Qg2 
21. Bf1 Qd5 22. Bc4 Qg2 23. Bf1 Qd5 24. Bc4 1/2-1/2

[Event "Tuesday 10 April, Rapid Engine Tour 13+2 Rounds 7, starts 16.00 ST"]
[Site "Infinity Chess"]
[Date "2018.4.10"]
[Round "6"]
[White "xeonrocks"]
[Black "Deep_Impact"]
[Result "1-0"]
[ECO "B12"]
[WhiteElo "2547"]
[BlackElo "2456"]
[WhiteEngine "Stockfish_20180407_x64_bmi2_CTG"]
[BlackEngine "asmFishW_2018-04-07_bmi2"]
[EventType "Swiss"]
[WhiteTeam ""]
[BlackTeam ""]
[PlyCount "167"]
[TimeControl "780+2"]

1. e4 c6 2. d4 d5 3. e5 Bf5 4. Nf3 e6 5. Be2 Nd7 6. O-O Ne7 7. c3 h6 8. Nbd2 a5 
9. a4 Bg6 10. b4 Nc8 11. Qb3 Be7 12. Ba3 Qc7 13. bxa5 O-O 14. c4 Rxa5 
15. cxd5 exd5 16. Qc3 Ra7 17. Bxe7 Nxe7 18. Nh4 Bh7 19. f4 Qa5 20. Qxa5 Rxa5 
21. Nb3 Ra7 22. f5 f6 23. e6 Nb6 24. a5 Nc4 25. g4 h5 26. h3 Rfa8 27. Rab1 Rb8 
28. Nc5 Nd2 29. a6 Nxb1 30. Rxb1 b5 31. Bd3 Nc8 32. Ng2 Rba8 33. Ra1 Nb6 
34. Bc2 Kf8 35. Nf4 h4 36. Nfd3 g6 37. Nb4 gxf5 38. gxf5 Rg7+ 39. Kh2 Ke7 
40. Nxc6+ Kd6 41. Nb4 Rag8 42. Rc1 Ke7 43. Nb7 Rc8 44. Rf1 Rc4 45. Na5 Rc3 
46. Nac6+ Kd6 47. Re1 Bg8 48. e7 Bf7 49. Bd3 Rxd3 50. Nxd3 Kxc6 51. Re6+ Kc7 
52. Nb4 Nc8 53. Nxd5+ Kb8 54. e8=Q Bxe8 55. Rxe8 Ra7 56. Nxf6 b4 57. Nd5 b3 
58. Re3 Rxa6 59. Rxb3+ Ka7 60. f6 Ra2+ 61. Kg1 Ra1+ 62. Kg2 Nd6 63. Rf3 Ra2+ 
64. Kf1 Ra1+ 65. Ke2 Nf7 66. Re3 Ka6 67. Re7 Ng5 68. Rg7 Ra2+ 69. Kd3 Ra3+ 
70. Nc3 Ra5 71. d5 Nf3 72. Re7 Ng5 73. Re5 Nf7 74. Re6+ Kb7 75. Re7+ Ka6 
76. Rxf7 Ra1 77. d6 Rh1 78. d7 Rxh3+ 79. Kc4 Rg3 80. d8=Q Rxc3+ 81. Kxc3 Kb5 
82. Qd5+ Ka6 83. Rb7 h3 84. Qb5# 1-0

[Event "Tuesday 10 April, Rapid Engine Tour 13+2 Rounds 7, starts 16.00 ST"]
[Site "Infinity Chess"]
[Date "2018.4.10"]
[Round "6"]
[White "Seliga"]
[Black "Mr Aj"]
[Result "1/2-1/2 "]
[ECO "D02"]
[WhiteElo "2480"]
[BlackElo "2474"]
[WhiteEngine "SF9 ''A6''"]
[BlackEngine "Houdini 6"]
[EventType "Swiss"]
[WhiteTeam ""]
[BlackTeam ""]
[PlyCount "171"]
[TimeControl "780+2"]

1. d4 d5 2. Nf3 Nf6 3. c4 e6 4. Nc3 c6 5. e3 Nbd7 6. Qc2 Bd6 7. Bd3 O-O 
8. O-O dxc4 9. Bxc4 a6 10. Rd1 b5 11. Bd3 Qc7 12. Bd2 c5 13. Ne4 c4 
14. Nxd6 Qxd6 15. Be2 Bb7 16. b3 Bd5 17. Qb2 Rfc8 18. Rdc1 Ne4 19. Ba5 f5 
20. Rc2 Rc6 21. bxc4 bxc4 22. Bb4 Qb8 23. Qa3 a5 24. Be7 Qc7 25. Rac1 Re8 
26. Bg5 Nxg5 27. Nxg5 Rc8 28. Nf3 h6 29. Qc3 Kh7 30. Qa1 a4 31. Rc3 Rb8 
32. Nd2 Nb6 33. R1c2 e5 34. Nf3 Nd7 35. Qd1 Qd6 36. g3 Rb4 37. dxe5 Nxe5 
38. Nxe5 Qxe5 39. Bf3 Be4 40. Bxe4 Qxe4 41. f3 Qe5 42. Qd4 Qb5 43. e4 Rb2 
44. Qd5 Qb6+ 45. Kg2 Rb5 46. Qd2 fxe4 47. fxe4 Rbc5 48. Qe2 Qc7 49. Rc1 Qf7 
50. Qc2 Qe6 51. Kg1 Kh8 52. Qe2 Qe5 53. Kh1 Qc7 54. Kg2 Qa5 55. R1c2 Qa6 
56. Rd2 Rc8 57. Rdc2 Qc6 58. Rd2 Qe6 59. Rd1 Kh7 60. Rdc1 Qa6 61. R1c2 Qc6 
62. Rc1 Qd7 63. Rd1 Qe7 64. Rd4 Qf6 65. Qf2 Qe6 66. a3 Rb8 67. Qe2 Qe5 
68. Rdxc4 Qxc3 69. Rxc3 Rxc3 70. e5 Rxa3 71. Qe4+ Kh8 72. Kh3 Rd8 73. e6 Rc3 
74. Qxa4 Re3 75. Qc6 Re1 76. Kg4 Rf8 77. Kh3 Rf6 78. Qc8+ Kh7 79. Qc2+ Rg6 
80. e7 Rxe7 81. Kh4 Ree6 82. Kh5 Re5+ 83. Kh4 Rb5 84. Qe4 h5 85. h3 Rc5 86. Qd3 
1/2-1/2

[Event "Tuesday 10 April, Rapid Engine Tour 13+2 Rounds 7, starts 16.00 ST"]
[Site "Infinity Chess"]
[Date "2018.4.10"]
[Round "6"]
[White "RonWeasley"]
[Black "CrapCleaner"]
[Result "1/2-1/2"]
[ECO "D30"]
[WhiteElo "2472"]
[BlackElo "2491"]
[WhiteEngine "BrainFish 090218_CTG"]
[BlackEngine "Raubfisch X38a._CTG"]
[EventType "Swiss"]
[WhiteTeam ""]
[BlackTeam ""]
[PlyCount "47"]
[TimeControl "780+2"]

1. d4 d5 2. c4 e6 3. Nf3 Nf6 4. Nc3 c6 5. Bg5 h6 6. Bxf6 Qxf6 7. e3 Nd7 
8. Be2 g6 9. O-O Bg7 10. e4 dxe4 11. Nxe4 Qf4 12. Qc2 f5 13. Ned2 c5 14. g3 Qd6 
15. Nh4 Kf7 16. d5 e5 17. Rae1 h5 18. Kg2 Nf6 19. b4 b6 20. bxc5 bxc5 
21. Ndf3 Nh7 22. Bd3 e4 23. Bxe4 Re8 24. Bd3 1/2-1/2

[Event "Tuesday 10 April, Rapid Engine Tour 13+2 Rounds 7, starts 16.00 ST"]
[Site "Infinity Chess"]
[Date "2018.4.10"]
[Round "6"]
[White "Katzenmaier"]
[Black "SkyPilot"]
[Result "1/2-1/2"]
[ECO "C55"]
[WhiteElo "2501"]
[BlackElo "2481"]
[WhiteEngine "Raubfisch X38"]
[BlackEngine "stockfish_x64_bmi2_2018_04_07_CTG"]
[EventType "Swiss"]
[WhiteTeam ""]
[BlackTeam ""]
[PlyCount "132"]
[TimeControl "780+2"]

1. e4 e5 2. Nf3 Nc6 3. Bc4 Nf6 4. d3 Bc5 5. c3 d6 6. O-O O-O 7. Nbd2 a5 
8. Re1 h6 9. Nf1 a4 10. h3 Bd7 11. Bb5 Ne7 12. Bxd7 Qxd7 13. Ng3 Bb6 14. d4 Rfe8 
15. Be3 Qb5 16. Rb1 exd4 17. cxd4 d5 18. e5 Ne4 19. Nh4 Nxg3 20. fxg3 g5 
21. Kh1 Qd7 22. Nf3 Nf5 23. Bf2 Rf8 24. Qd3 Ng7 25. Nh2 f6 26. Ng4 fxe5 
27. Rxe5 Qd6 28. Be1 h5 29. Nh2 Rae8 30. Rxg5 Qe6 31. Re5 Qc6 32. Rxe8 Rxe8 
33. Bc3 Qc4 34. Qd2 Qe2 35. Qg5 c6 36. g4 Qe3 37. Qxe3 Rxe3 38. gxh5 Nxh5 
39. Nf3 Re2 40. Re1 Nf4 41. Rxe2 Nxe2 42. g4 Nc1 43. Bd2 Nxa2 44. g5 c5 
45. Kg2 c4 46. h4 a3 47. bxa3 c3 48. Be3 c2 49. Kg3 c1=Q 50. Bxc1 Nxc1 
51. Kf4 Bc7+ 52. Kf5 Ne2 53. a4 Kg7 54. h5 Ng3+ 55. Kg4 Ne4 56. Nh4 Bb6 
57. Nf5+ Kf7 58. Kf4 Ba5 59. Ke5 Bc7+ 60. Kxd5 Nxg5 61. Nd6+ Bxd6 62. Kxd6 Ne4+ 
63. Kc7 Nc3 64. a5 Nb5+ 65. Kb6 Nxd4 66. a6 bxa6 1/2-1/2

[Event "Tuesday 10 April, Rapid Engine Tour 13+2 Rounds 7, starts 16.00 ST"]
[Site "Infinity Chess"]
[Date "2018.4.10"]
[Round "5"]
[White "star99"]
[Black "hafaba"]
[Result "0-1 "]
[ECO "C65"]
[WhiteElo "2425"]
[BlackElo "2434"]
[WhiteEngine "Cryptic Heroes 9.3B"]
[BlackEngine "Eman 1.70-beta18 64-bit POPCNT_CTG"]
[EventType "Swiss"]
[WhiteTeam ""]
[BlackTeam ""]
[PlyCount "180"]
[TimeControl "780+2"]

1. e4 e5 2. Nf3 Nc6 3. Bb5 Nf6 4. O-O Nxe4 5. d4 Nd6 6. Bxc6 dxc6 7. dxe5 Nf5 
8. Qxd8+ Kxd8 9. Nc3 Bd7 10. b3 Kc8 11. h3 b6 12. Ne4 h6 13. Bb2 a5 14. a4 c5 
15. Rad1 c4 16. g4 Ne7 17. Ng3 Rg8 18. Rd2 Nc6 19. bxc4 Be6 20. Nd4 Nxd4 
21. Rxd4 Bc5 22. Rd2 Bxc4 23. Rfd1 Kb7 24. Kg2 Be6 25. Rd3 g6 26. Ne4 Be7 
27. Kg3 Rgd8 28. Bc1 Rxd3+ 29. Rxd3 h5 30. Ba3 c5 31. Bc1 Rd8 32. Rxd8 Bxd8 
33. f4 Kc6 34. Bd2 hxg4 35. hxg4 Kd5 36. Nc3+ Kc4 37. Nd1 Bd7 38. Kf3 g5 
39. fxg5 Kd5 40. Bf4 Be7 41. Kg3 Kd4 42. e6 Bxe6 43. Bc7 Kc4 44. Kf4 Kb4 
45. Ne3 Kxa4 46. Nf5 Bf8 47. Bxb6 Kb4 48. Ke3 a4 49. Kd2 Bd5 50. Bc7 Bf3 
51. Be5 Bxg4 52. Nd6 Be6 53. Bc3+ Ka3 54. Nb5+ Ka2 55. Be5 Be7 56. Bf4 Bd7 
57. Nc3+ Kb2 58. Nd5 Bd8 59. Be5+ Ka2 60. Bf6 Bxf6 61. Nxf6 Bf5 62. Kc1 Ka3 
63. Nd5 Be4 64. Nf6 Bf3 65. Nd7 Kb4 66. Ne5 Bh5 67. Nd3+ Kc4 68. Kb2 Kd4 
69. Nf4 Bg6 70. Ne2+ Ke3 71. Nc3 a3+ 72. Kxa3 Bxc2 73. Kb2 Bf5 74. Nd5+ Kd2 
75. Ka3 Be6 76. Nf4 c4 77. Nxe6 fxe6 78. g6 c3 79. g7 c2 80. g8=Q c1=Q+ 
81. Kb3 Qb1+ 82. Kc4 Qd3+ 83. Kc5 e5 84. Qa2+ Ke3 85. Qf7 e4 86. Qg7 Qa3+ 
87. Kd5 Qb3+ 88. Kd6 Kf2 89. Qd4+ e3 90. Ke7 Qb7+ 0-1

[Event "Tuesday 10 April, Rapid Engine Tour 13+2 Rounds 7, starts 16.00 ST"]
[Site "Infinity Chess"]
[Date "2018.4.10"]
[Round "5"]
[White "Time_bandit"]
[Black "Longin"]
[Result "1/2-1/2"]
[ECO "C65"]
[WhiteElo "2429"]
[BlackElo "2437"]
[WhiteEngine "asmFishW_2018-02-02_popcnt"]
[BlackEngine "BrainFish_180404_x64_modern_CTG"]
[EventType "Swiss"]
[WhiteTeam ""]
[BlackTeam ""]
[PlyCount "114"]
[TimeControl "780+2"]

1. e4 e5 2. Nf3 Nc6 3. Bb5 Nf6 4. O-O Nxe4 5. d4 Nd6 6. Bxc6 dxc6 7. dxe5 Nf5 
8. Qxd8+ Kxd8 9. Nc3 Bd7 10. Rd1 Kc8 11. Ng5 Be8 12. Rd3 h6 13. Nge4 Ne7 
14. b3 b6 15. Bb2 Ng6 16. Ne2 c5 17. c4 Bc6 18. Re3 Be7 19. g3 Kb7 20. f4 Bd7 
21. e6 fxe6 22. Bxg7 Rh7 23. Rd1 Bc6 24. Ba1 Rg8 25. Kf2 e5 26. Bxe5 Nxe5 
27. fxe5 Rf8+ 28. Nf4 Bg5 29. Nf6 Bxf6 30. exf6 Rxf6 31. Ke1 a5 32. Rdd3 a4 
33. Kd2 Rf8 34. Kc3 axb3 35. axb3 Ra8 36. Re1 Ra2 37. Rd2 Ra8 38. Rf2 Ra3 
39. Ng6 Ba4 40. Rb2 Bd7 41. Ne5 Re7 42. Rbe2 h5 43. Kb2 Ra8 44. Nxd7 Rxd7 
45. Kc3 Rf7 46. Re7 Rf2 47. R7e2 Rf6 48. Re6 Rf3+ 49. R6e3 Rxe3+ 50. Rxe3 Ra2 
51. h4 Rf2 52. Kd3 Ka6 53. Re5 Rf3+ 54. Re3 Rf6 55. Re5 Rf3+ 56. Re3 Rf6 
57. Re5 Rf3+ 1/2-1/2